 Dungeon Crawl Stone Soup version 0.19-a0-1019-g9c6a58d (webtiles) character file.

8144 Duffy the Severer (level 11, 74/100 HPs)
             Began as a Deep Dwarf Gladiator on July 26, 2016.
             Was the Champion of Makhleb.
             Quit the game on level 10 of the Dungeon.
             The game lasted 00:12:17 (8716 turns).

Duffy the Severer (Deep Dwarf Gladiator)            Turns: 8716, Time: 00:12:17

Health: 74/100     AC: 16    Str: 18    XL:     11   Next: 6%
Magic:  6/6        EV:  7    Int: 10    God:    Makhleb [******]
Gold:   502        SH:  0    Dex: 22    Spells: 0 memorised, 10 levels left

rFire  + . .     SeeInvis .     D - +1 hand axe (elec)
rCold  . . .     Gourm    .     W - +3 plate armour
rNeg   . . .     Faith    .     (no shield)
rPois  .         Spirit   .     (helmet restricted)
rElec  .         Dismiss  .     l - +0 cloak
rCorr  .         Reflect  .     (no gloves)
SustAt .         Harm     .     (no boots)
MR     +....                    (no amulet)
Stlth  ..........               S - +4 ring of dexterity
                                P - +4 ring of dexterity

@: non-regenerating, somewhat resistant to hostile enchantments, extremely
unstealthy
A: damage resistance, recharge devices, antennae 1, blink, blurry vision 1,
clumsy 1, fire resistance 1, sense surroundings 2, screaming 1, slow
regeneration 3
a: Device Recharging, Blink, Minor Destruction, Lesser Servant of Makhleb, Major
Destruction, Greater Servant of Makhleb, Renounce Religion


You were on level 10 of the Dungeon.
You worshipped Makhleb.
Makhleb was exalted by your worship.
You were not hungry.

You visited 2 branches of the dungeon, and saw 11 of its levels.
You also visited: Ossuary.

You collected 502 gold pieces.


Innate Abilities, Weirdness & Mutations

You are resistant to damage.
You can recharge devices by infusing magical energy.
You passively map the area around you.
You do not regenerate naturally.
You have a pair of small antennae on your head.
You can translocate small distances at will.
Scrolls take you a little longer to read.
You are clumsy. (Dex -2)
Your flesh is heat resistant. (rF+)
You occasionally shout uncontrollably at your foes.


   Skills:
 - Level 7.0 Fighting
 + Level 15.5 Axes
 - Level 1.8 Throwing
 + Level 4.8 Armour
 - Level 3.2 Dodging


You had 10 spell levels left.
You didn't know any spells.

Inventory:

Hand Weapons
 D - a +1 hand axe of electrocution (weapon)
Missiles
 d - 5 throwing nets (quivered)
 M - 12 tomahawks
Armour
 c - a +0 helmet
 l - a +0 cloak (worn)
 W - a +3 plate armour (worn)
Jewellery
 j - an uncursed ring of protection from magic
 P - a +4 ring of dexterity (left hand)
 S - a +4 ring of dexterity (right hand)
Wands
 a - a wand of acid (5/15)
 e - a wand of heal wounds (3/9)
 m - a wand of acid (10/15)
 o - a wand of acid (9/15)
 Q - a wand of lightning (9/15)
 R - a wand of enslavement (14/24)
Scrolls
 b - a scroll of immolation {unknown}
 g - a scroll of enchant armour {unknown}
 r - a scroll of random uselessness {unknown}
 s - 2 scrolls of amnesia {unknown}
 x - 5 scrolls of fear {unknown}
 y - a scroll of blinking {unknown}
 E - a scroll of acquirement {unknown}
 F - a scroll of fog
 H - 4 scrolls of remove curse {unknown}
 L - 2 scrolls of magic mapping {unknown}
 T - a scroll of enchant weapon
Potions
 i - 3 potions of agility {unknown}
 k - 3 potions of berserk rage {unknown}
 n - 3 potions of might {unknown}
 p - 3 potions of degeneration {unknown}
 q - 3 potions of invisibility {unknown}
 v - 4 potions of curing {unknown}
 w - 2 potions of heal wounds {unknown}
 z - 3 potions of lignification
 B - 3 potions of cancellation
 C - a potion of haste
 K - a potion of flight
 O - a potion of brilliance
 Y - a potion of cure mutation
Books
 h - Vehumet's Volume of Attacks

   Spells                             Type                      Level
   a - Magic Dart                     Conjuration                  1
 I - a book of Party Tricks
 N - a book of Callings
Miscellaneous
 U - a disc of storms
 Z - a phial of floods
Comestibles
 f - 6 bread rations
 t - 2 beef jerkies
 J - 2 meat rations
 V - 3 fruits
 X - a royal jelly

Dungeon Overview and Level Annotations

Branches:
Dungeon (10/15)            Temple (1/1) D:4            Lair (0/6) D:10
    Orc (0/2) D:10

Altars:
Ashenzari
Cheibriados
Dithmenos
Elyvilon
Fedhas
Gozag
Hepliaklqana
Kikubaaqudgha
Makhleb
Nemelex Xobeh
Okawaru
Pakellas
Qazlal
Ru
Sif Muna
Trog
Uskayaw
Vehumet
Xom
Yredelemnul
Zin
The Shining One
Beogh

Shops:
D:5 }   D:7 %


Message History

You see here a giant frog corpse.
Found a scroll labeled ONEIME COKEI.
You see here a ring of dexterity.
P - a ring of dexterity Put on which piece of jewellery? (? for menu, Esc to quit)
You're wearing all the rings you can.
Remove which one? (? for menu, Esc to cancel) < or
j - a ring of protection from magic > or
S - a +4 ring of dexterity You remove your ring of protection from magic.
You feel agile.
P - a +4 ring of dexterity (left hand)
u - 9 scrolls labeled ONEIME COKEI (gained 1)
u - 10 scrolls labeled ONEIME COKEI (gained 1)
You now have 502 gold pieces (gained 15).
As you read the scroll labeled ONEIME COKEI, it crumbles to dust.
It is a scroll of identify.
K - a potion of flight
As you read the scroll of identify, it crumbles to dust.
O - a potion of brilliance
As you read the scroll of identify, it crumbles to dust.
Y - a potion of cure mutation
As you read the scroll of identify, it crumbles to dust.
C - a potion of haste
As you read the scroll of identify, it crumbles to dust.
G - 2 potions of beneficial mutation
Okay, then.
You feel resistant to heat.
You feel fantastic!
You feel less in control of your magic.
You feel fantastic!
As you read the scroll of identify, it crumbles to dust.
T - a scroll of enchant weapon
As you read the scroll of identify, it crumbles to dust.
F - a scroll of fog
As you read the scroll of identify, it crumbles to dust.
B - 3 potions of cancellation
As you read the scroll of identify, it crumbles to dust.
A - 3 potions of mutation
As you read the scroll of identify, it crumbles to dust.
z - 3 potions of lignification You feel extremely strange.
You feel jittery. A pair of antennae grows on your head!
Your +0 helmet falls away!
You feel clumsy.
You feel extremely strange.
You feel extremely strange.
You regain control of your magic.
Your vision blurs.
You feel the urge to shout.
Are you sure you want to abandon this character and quit the game? (Confirm with "yes".)

.......#####* ** ##**
.......# '####### .## * *
..# ##########+##
#'######## #...........#
......<..# #...........#
.........#####...........#
...).....'..##.)@........#
.........##..#...........#
.(.......###.#...........#
.###'##### #.'.%.........#
P# #.## ###...........# ##
#..### ####+######## #
##...# #######+# *
.....#######


There were no monsters in sight!

Action                   |  1- 3 |  4- 6 |  7- 9 | 10-12 || total
-------------------------+-------+-------+-------+-------++-------
Melee: War axe           |   103 |   289 |   629 |   416 ||  1437
       Hand axe          |       |       |       |     5 ||     5
 Abil: Device Recharging |       |       |     4 |     1 ||     5
Evoke: Wand              |       |     5 |    17 |     7 ||    29
  Use: Scroll            |       |       |       |    11 ||    11
       Potion            |       |       |       |     5 ||     5
  Eat: Chunk             |       |     7 |     7 |     6 ||    20
       Fruit             |       |       |     8 |       ||     8
       Royal jelly       |       |       |       |     2 ||     2
       Pizza             |       |       |       |     1 ||     1
Armor: Leather armour    |     5 |       |       |       ||     5
       Ring mail         |    42 |       |       |       ||    42
       Scale mail        |     3 |   146 |   109 |       ||   258
       Chain mail        |       |       |   188 |   140 ||   328
       Plate armour      |       |       |       |    42 ||    42
Dodge: Dodged            |    80 |   210 |   362 |   114 ||   766

Notes
Turn   | Place    | Note
-------+----------+-------------------------------------------
     0 | D:1      | Duffy the Deep Dwarf Gladiator began the quest for the Orb.
     0 | D:1      | Reached XP level 1. HP: 19/19 MP: 1/1
    23 | D:1      | Reached XP level 2. HP: 26/26 MP: 2/2
    73 | D:1      | Reached skill level 4 in Axes
   495 | D:1      | Reached XP level 3. HP: 28/32 MP: 3/3
   565 | D:2      | Reached skill level 5 in Axes
   726 | D:2      | Reached XP level 4. HP: 27/39 MP: 4/4
   889 | D:2      | Found an opulent altar of Gozag.
  1370 | D:2      | Reached skill level 6 in Axes
  1650 | D:3      | Found an opulent altar of Gozag.
  1661 | D:3      | Found a hazy altar of Hepliaklqana.
  1790 | D:3      | Reached XP level 5. HP: 33/45 MP: 5/5
  2127 | D:4      | Killed a troll
  2242 | D:4      | Found a staircase to the Ecumenical Temple.
  2263 | Temple   | Entered the Ecumenical Temple
  2490 | Temple   | Became a worshipper of Makhleb the Destroyer
  2532 | D:4      | Found a snail-covered altar of Cheibriados.
  2675 | D:4      | Noticed Protee's ghost (amateur NaEn)
  2691 | D:5      | Entered Level 5 of the Dungeon
  2701 | D:5      | Reached skill level 7 in Axes
  2707 | D:5      | Reached XP level 6. HP: 37/52 MP: 6/6
  2739 | D:5      | Noticed Ajdolov's ghost (amateur FeTm)
  2759 | D:5      | Killed Ajdolov's ghost
  2759 | D:5      | Reached skill level 8 in Axes
  2807 | D:5      | Reached * piety under Makhleb
  2807 | D:5      | Reached XP level 7. HP: 34/58 MP: 7/7
  2819 | D:5      | Reached skill level 9 in Axes
  2837 | D:5      | Found a shimmering altar of Xom.
  3014 | D:5      | Found a hide-covered altar of Uskayaw.
  3078 | D:5      | Found Dafan's Gadget Boutique.
  3227 | D:5      | Reached ** piety under Makhleb
  3435 | D:6      | Reached skill level 10 in Axes
  3626 | D:6      | Reached XP level 8. HP: 60/66 MP: 6/6
  3768 | D:6      | Reached skill level 11 in Axes
  3983 | D:6      | Reached *** piety under Makhleb
  4441 | D:7      | Reached skill level 12 in Axes
  4539 | D:8      | Gained mutation: You passively map the area around you. [Deep Dwarf growth]
  4539 | D:8      | Reached XP level 9. HP: 51/73 MP: 6/6
  4630 | D:8      | Found a sand-covered staircase.
  4637 | Ossuary  | Entered an ossuary
  4704 | Ossuary  | Reached **** piety under Makhleb
  4725 | Ossuary  | Reached skill level 13 in Axes
  5035 | D:8      | Reached skill level 2 in Fighting
  5066 | D:8      | Reached skill level 3 in Fighting
  5255 | D:7      | Reached skill level 4 in Fighting
  5263 | D:7      | Found Asofaon's Food Shop.
  5333 | D:7      | Reached ***** piety under Makhleb
  5387 | D:7      | Reached skill level 14 in Axes
  5635 | D:4      | Killed Protee's ghost
  5635 | D:4      | Reached skill level 5 in Fighting
  5787 | D:4      | Reached XP level 10. HP: 88/88 MP: 6/6
  5955 | D:4      | Found a radiant altar of Vehumet.
  5960 | D:4      | Found an ancient bone altar of Kikubaaqudgha.
  5963 | D:4      | Found a deep blue altar of Sif Muna.
  5976 | D:4      | Identified Vehumet's Volume of Attacks
  6091 | D:4      | Found an oddly glowing altar of Pakellas.
  6091 | D:4      | Noticed an orange crystal statue
  6590 | D:9      | Noticed a centaur warrior
  6606 | D:9      | Killed a centaur warrior
  6606 | D:9      | Reached skill level 6 in Fighting
  6652 | D:9      | Found an iron altar of Okawaru.
  7103 | D:8      | Noticed Prince Ribbit
  7115 | D:8      | Killed Prince Ribbit
  7585 | D:9      | Reached skill level 7 in Fighting
  7641 | D:9      | Found a blossoming altar of Fedhas.
  7860 | D:9      | Reached skill level 15 in Axes
  7899 | D:9      | Found a glowing silver altar of Zin.
  7925 | D:10     | Entered Level 10 of the Dungeon
  7932 | D:10     | Reached skill level 1 in Armour
  7974 | D:10     | Killed an unseen horror
  7974 | D:10     | Reached skill level 2 in Armour
  8031 | D:10     | Reached skill level 3 in Armour
  8129 | D:10     | Reached ****** piety under Makhleb
  8197 | D:10     | Reached skill level 4 in Armour
  8206 | D:10     | Found a staircase to the Lair.
  8472 | D:10     | Reached XP level 11. HP: 69/100 MP: 6/6
  8516 | D:10     | Found a roughly hewn altar of Beogh.
  8523 | D:10     | Found a staircase to the Orcish Mines.
  8706 | D:10     | Gained mutation: Your flesh is heat resistant. (rF+) [potion of beneficial mutation]
  8707 | D:10     | Gained mutation: Your spells are a little harder to cast, but a little more powerful. [potion of beneficial mutation]
  8713 | D:10     | Gained mutation: You can translocate small distances at will. [potion of mutation]
  8713 | D:10     | Gained mutation: You have a pair of small antennae on your head. [potion of mutation]
  8713 | D:10     | Gained mutation: You are clumsy. (Dex -2) [potion of mutation]
  8715 | D:10     | Lost mutation: Your spells are a little harder to cast, but a little more powerful. [potion of mutation]
  8715 | D:10     | Gained mutation: Scrolls take you a little longer to read. [potion of mutation]
  8715 | D:10     | Gained mutation: You occasionally shout uncontrollably at your foes. [potion of mutation]
  8716 | D:10     | Quit the game

Skill      XL: |  1  2  3  4  5  6  7  8  9 10 |
---------------+-------------------------------+-----
Axes           | 4 5 6 7 8 10 12 14 15 | 15.5
Fighting       | 5 7 |  7.0
Armour         | 4 |  4.8
Throwing       | |  1.8
Dodging        | |  3.2

Vault maps used:
D:1:      lightli_iron_boxes, moated_statue
D:2:      lemuel_crystal_altar, minmay_rats_cheesy_pizza
D:3:      old_standard_altar, first_bread, grunt_ministairs_11, dk_vineyard_2,
          grunt_gozag_statues
D:4:      grunt_temple_overflow_magic_moments,
          gammafunk_pakellas_statue_experiment, kennysheep_slug_shrine,
          lemuel_old_faithful
D:5:      nicolae_overflow_hidden_temple, kennysheep_little_box, serial_undead,
          serial_undead_c, serial_undead_c, serial_undead_e, serial_undead_b,
          serial_undead_e, serial_undead_f, serial_undead_d, serial_undead_d,
          serial_shops, shop_statue, sigmund_army
D:7:      serial_shops, shop
D:8:      enter_ossuary_4, uniq_prince_ribbit1
D:9:      zin_scriptorium, lemuel_doored_altar, overflow_temple_1_default
D:10:     grunt_lair_entry_orc_guard_hut, david_orc_5, grunt_ministairs_6,
          hangedman_fish_farm
Temple:   dpeg_chambers_temple
Ossuary:  ossuary_tomb_1

Vanquished Creatures
  A centaur warrior
  An unseen horror
  A troll
  The ghost of Protee the Sneak, an amateur NaEn Prince Ribbit
  A wyvern
  2 yaks
  2 hungry ghosts
  2 hippogriffs
  2 water moccasins
  An ice beast
  3 orc warriors
  The ghost of Ajdolov the Changer, an amateur FeTm of Hepliaklqana
  A sky beast
  A phantom
  A necrophage
  5 ogres
  A black bear
  5 centaurs
  A crocodile
  2 big kobolds
  An elf zombie
  7 giant frogs
  A water moccasin zombie
  5 scorpions
  6 killer bees
  4 wights
  3 crimson imps
  5 hounds
  2 human zombies
  A jelly
  2 quasits
  2 giant frog zombies
  8 orc priests
  2 centaur zombies
  2 centaur skeletons
  A gnoll shaman
  2 giant frog skeletons
  7 orc wizards
  3 iguanas
  10 worker ants
  A killer bee zombie
  A big kobold zombie
  2 mummies
  A hound zombie
  A hound skeleton
  A howler monkey zombie
  A howler monkey skeleton
  A worker ant zombie
  9 adders
  5 gnolls
  4 river rats
  4 shadow imps
  4 adder zombies
  3 adder skeletons
  5 dart slugs
  4 worms
  5 giant geckos
  45 orcs
  9 giant cockroaches
  5 goblins
  11 hobgoblins
  19 jackals
  5 quokkas
  A ball python
  12 bats
  A giant gecko skeleton
  2 giant gecko zombies
  6 giant newts
  10 hobgoblin zombies
  2 jackal zombies
  20 kobolds
  9 kobold zombies
  9 orc zombies
  2 quokka skeletons
  2 quokka zombies
  48 rats
  4 rat zombies
  4 fungi
  A plant
389 creatures vanquished.
